Workbook
Name EXPENSESSSS: Table7[EXPENSES]
Name EXPENSESTOTAL: Table7[TOTAL AMOUNT]
Name incomes: Table6[INCOME]
Name incomestotal: Table6[TOTAL AMOUNT]

Sheet Sheet1
A3: Row Labels | C3: Top 3 Income | D3: Amount | F3: Top 3 Expenses | G3: Amount | I3: EXPENSE | J3: TOP3 EXPENSES | L3: INCOME | M3: TOTAL | O3: INCOME | P3: TOTAL | Q3: expense | R3: total
A4: Feb | C4: =INDEX(incomes,MATCH(D4,incomestotal,0)) -> Client Payments | D4: {=LARGE(incomestotal,{1;2;3})} -> 2100000 | E4: 1 | F4: =INDEX(EXPENSESSSS,MATCH(G4,EXPENSESTOTAL,0)) -> Taxes & Fees | G4: {=LARGE(EXPENSESTOTAL,{1;2;3})} -> 400000 | I4: =INDEX(EXPENSESSSS,MATCH(J4,EXPENSESTOTAL,0)) -> Internet & Utilities | J4: {=LARGE(EXPENSESTOTAL,{3;2;1})} -> 92000 | L4: {=INDEX(incomes,MATCH(M4,incomestotal,0))} -> Affiliate Income | M4: {=LARGE(incomestotal,{3;2;1})} -> 396000 | O4: =IF(OR(M4="Oops, Not Any", M4=0), "Oops, Not Any", INDEX(incomes, MATCH(M4, incomestotal, 0))) -> Affiliate Income | P4: {=LARGE(incomestotal,{3;2;1})} -> 396000 | Q4: =IF(OR(J4="Waoo, Not Any", J4=0), "Waoo, Not Any", INDEX(EXPENSESSSS, MATCH(J4, EXPENSESTOTAL, 0))) -> Internet & Utilities | R4: {=LARGE(EXPENSESTOTAL,{3;2;1})} -> 92000
A5: Mar | C5: =INDEX(incomes,MATCH(D5,incomestotal,0)) -> Platform Income | D5: 595000 | E5: 2 | F5: =INDEX(EXPENSESSSS,MATCH(G5,EXPENSESTOTAL,0)) -> Travel & Meals | G5: 97000 | I5: =INDEX(EXPENSESSSS,MATCH(J5,EXPENSESTOTAL,0)) -> Travel & Meals | J5: 97000 | L5: {=INDEX(incomes,MATCH(M5,incomestotal,0))} -> Platform Income | M5: 595000 | O5: =IF(OR(M5="Oops, Not Any", M5=0), "Oops, Not Any", INDEX(incomes, MATCH(M5, incomestotal, 0))) -> Platform Income | P5: 595000 | Q5: =IF(OR(J5="Waoo, Not Any", J5=0), "Waoo, Not Any", INDEX(EXPENSESSSS, MATCH(J5, EXPENSESTOTAL, 0))) -> Travel & Meals | R5: 97000
A6: Apr | C6: =INDEX(incomes,MATCH(D6,incomestotal,0)) -> Affiliate Income | D6: 396000 | E6: 3 | F6: =INDEX(EXPENSESSSS,MATCH(G6,EXPENSESTOTAL,0)) -> Internet & Utilities | G6: 92000 | I6: =INDEX(EXPENSESSSS,MATCH(J6,EXPENSESTOTAL,0)) -> Taxes & Fees | J6: 400000 | L6: {=INDEX(incomes,MATCH(M6,incomestotal,0))} -> Client Payments | M6: 2100000 | O6: =IF(OR(M6="Oops, Not Any", M6=0), "Oops, Not Any", INDEX(incomes, MATCH(M6, incomestotal, 0))) -> Client Payments | P6: 2100000 | Q6: =IF(OR(J6="Waoo, Not Any", J6=0), "Waoo, Not Any", INDEX(EXPENSESSSS, MATCH(J6, EXPENSESTOTAL, 0))) -> Taxes & Fees | R6: 400000
A7: Jun | D7: =IF(D6=0,"Not any","no") -> no
A8: Sep
A9: Grand Total

Sheet TRANSACTIONS
B1: Transactions
B4: My Transactions! | J4: My Income & Expense List!
B8: DATE | C8: YEAR | D8: MONTH | E8: ITEM | F8: CATEGORY | G8: AMOUNT | H8: REMARKS | J8: INCOME | L8: EXPENSE
B9: 45689 | C9: =YEAR(B9) -> 2025 | D9: =TEXT(B9,"MMM") -> Feb | E9: EXPENSE | F9: Software & Tools | G9: 79000 | H9: N/A | J9: Client Payments | L9: Software & Tools
B10: 45689 | C10: =YEAR(B10) -> 2025 | D10: =TEXT(B10,"MMM") -> Feb | E10: INCOME | F10: Client Payments | G10: 100000 | J10: Platform Income | L10: Marketing & Ads
B11: 45689 | C11: =YEAR(B11) -> 2025 | D11: =TEXT(B11,"MMM") -> Feb | E11: EXPENSE | F11: Marketing & Ads | G11: 90000 | J11: Affiliate Income | L11: Hardware & Equipment
B12: 45718 | C12: =YEAR(B12) -> 2025 | D12: =TEXT(B12,"MMM") -> Mar | E12: EXPENSE | F12: Internet & Utilities | G12: 92000 | J12: Coaching Income | L12: Internet & Utilities
B13: 45750 | C13: =YEAR(B13) -> 2025 | D13: =TEXT(B13,"MMM") -> Apr | E13: INCOME | F13: Platform Income | G13: 95000 | L13: Learning & Courses
B14: 45813 | C14: =YEAR(B14) -> 2025 | D14: =TEXT(B14,"MMM") -> Jun | E14: INCOME | F14: Affiliate Income | G14: 96000 | L14: Client Expenses
B15: 45907 | C15: =YEAR(B15) -> 2025 | D15: =TEXT(B15,"MMM") -> Sep | E15: EXPENSE | F15: Travel & Meals | G15: 97000 | L15: Travel & Meals
B16: 46055 | C16: =YEAR(B16) -> 2026 | D16: =TEXT(B16,"MMM") -> Feb | E16: INCOME | F16: Client Payments | G16: 2000000 | L16: Taxes & Fees
B17: 45658 | C17: =YEAR(B17) -> 2025 | D17: =TEXT(B17,"MMM") -> Jan | E17: INCOME | F17: Affiliate Income | G17: 300000
B18: 46388 | C18: =YEAR(B18) -> 2027 | D18: =TEXT(B18,"MMM") -> Jan | E18: EXPENSE | F18: Taxes & Fees | G18: 400000
B19: 46003 | C19: =YEAR(B19) -> 2025 | D19: =TEXT(B19,"MMM") -> Dec | E19: INCOME | F19: Platform Income | G19: 500000

Sheet DASHBOARD
B1: My DashBoard
B5: Start Date | E5: TOTAL INCOME | F5: =SUM(Table6[TOTAL AMOUNT]) -> 3091000 | H5: Major Source Of Income | J5: Major Source Of Expense
B6: 45658
B7: End Date | E7: TOTAL EXPENSES | F7: =SUM(Table7[TOTAL AMOUNT]) -> 758000 | H7: =IF(MAX(C14:C102)=0, "Ooops, No Income", INDEX(Table6[INCOME], MATCH(MAX(C14:C102), Table6[TOTAL AMOUNT], 0))) -> Client Payments | J7: =IF(SUM(F14:F45)=0, "Waao, No Expense", INDEX(Table7[EXPENSES], MATCH(MAX(F14:F45), Table7[TOTAL AMOUNT], 0))) -> Taxes & Fees
B8: 46733
E9: PROFIT / LOSS | F9: =F5-F7 -> 2333000 | H9: =MAX(Table6[TOTAL AMOUNT]) -> 2100000 | J9: =MAX(Table7[TOTAL AMOUNT]) -> 400000
B13: INCOME | C13: TOTAL AMOUNT | E13: EXPENSES | F13: TOTAL AMOUNT
B14: =IF(TRANSACTIONS!J9="","",TRANSACTIONS!J9) -> Client Payments | C14: =SUMIFS(TRANSACTIONS!G:G,TRANSACTIONS!F:F,Table6[[#This Row],[INCOME]],TRANSACTIONS!B:B,">="&DASHBOARD!$B$6,TRANSACTIONS!B:B,"<="&DASHBOARD!$B$8) -> 2100000 | E14: =IF(TRANSACTIONS!L9="","",TRANSACTIONS!L9) -> Software & Tools | F14: =SUMIFS(TRANSACTIONS!G:G,TRANSACTIONS!F:F,Table7[[#This Row],[EXPENSES]],TRANSACTIONS!B:B,">="&DASHBOARD!$B$6,TRANSACTIONS!B:B,"<="&DASHBOARD!$B$8) -> 79000
B15: =IF(TRANSACTIONS!J10="","",TRANSACTIONS!J10) -> Platform Income | C15: =SUMIFS(TRANSACTIONS!G:G,TRANSACTIONS!F:F,Table6[[#This Row],[INCOME]],TRANSACTIONS!B:B,">="&DASHBOARD!$B$6,TRANSACTIONS!B:B,"<="&DASHBOARD!$B$8) -> 595000 | E15: =IF(TRANSACTIONS!L10="","",TRANSACTIONS!L10) -> Marketing & Ads | F15: =SUMIFS(TRANSACTIONS!G:G,TRANSACTIONS!F:F,Table7[[#This Row],[EXPENSES]],TRANSACTIONS!B:B,">="&DASHBOARD!$B$6,TRANSACTIONS!B:B,"<="&DASHBOARD!$B$8) -> 90000
B16: =IF(TRANSACTIONS!J11="","",TRANSACTIONS!J11) -> Affiliate Income | C16: =SUMIFS(TRANSACTIONS!G:G,TRANSACTIONS!F:F,Table6[[#This Row],[INCOME]],TRANSACTIONS!B:B,">="&DASHBOARD!$B$6,TRANSACTIONS!B:B,"<="&DASHBOARD!$B$8) -> 396000 | E16: =IF(TRANSACTIONS!L11="","",TRANSACTIONS!L11) -> Hardware & Equipment | F16: =SUMIFS(TRANSACTIONS!G:G,TRANSACTIONS!F:F,Table7[[#This Row],[EXPENSES]],TRANSACTIONS!B:B,">="&DASHBOARD!$B$6,TRANSACTIONS!B:B,"<="&DASHBOARD!$B$8) -> 0
B17: =IF(TRANSACTIONS!J12="","",TRANSACTIONS!J12) -> Coaching Income | C17: =SUMIFS(TRANSACTIONS!G:G,TRANSACTIONS!F:F,Table6[[#This Row],[INCOME]],TRANSACTIONS!B:B,">="&DASHBOARD!$B$6,TRANSACTIONS!B:B,"<="&DASHBOARD!$B$8) -> 0 | E17: =IF(TRANSACTIONS!L12="","",TRANSACTIONS!L12) -> Internet & Utilities | F17: =SUMIFS(TRANSACTIONS!G:G,TRANSACTIONS!F:F,Table7[[#This Row],[EXPENSES]],TRANSACTIONS!B:B,">="&DASHBOARD!$B$6,TRANSACTIONS!B:B,"<="&DASHBOARD!$B$8) -> 92000
B18: =IF(TRANSACTIONS!J13="","",TRANSACTIONS!J13) | C18: =SUMIFS(TRANSACTIONS!G:G,TRANSACTIONS!F:F,Table6[[#This Row],[INCOME]],TRANSACTIONS!B:B,">="&DASHBOARD!$B$6,TRANSACTIONS!B:B,"<="&DASHBOARD!$B$8) -> 0 | E18: =IF(TRANSACTIONS!L13="","",TRANSACTIONS!L13) -> Learning & Courses | F18: =SUMIFS(TRANSACTIONS!G:G,TRANSACTIONS!F:F,Table7[[#This Row],[EXPENSES]],TRANSACTIONS!B:B,">="&DASHBOARD!$B$6,TRANSACTIONS!B:B,"<="&DASHBOARD!$B$8) -> 0
B19: =IF(TRANSACTIONS!J14="","",TRANSACTIONS!J14) | C19: =SUMIFS(TRANSACTIONS!G:G,TRANSACTIONS!F:F,Table6[[#This Row],[INCOME]],TRANSACTIONS!B:B,">="&DASHBOARD!$B$6,TRANSACTIONS!B:B,"<="&DASHBOARD!$B$8) -> 0 | E19: =IF(TRANSACTIONS!L14="","",TRANSACTIONS!L14) -> Client Expenses | F19: =SUMIFS(TRANSACTIONS!G:G,TRANSACTIONS!F:F,Table7[[#This Row],[EXPENSES]],TRANSACTIONS!B:B,">="&DASHBOARD!$B$6,TRANSACTIONS!B:B,"<="&DASHBOARD!$B$8) -> 0
B20: =IF(TRANSACTIONS!J15="","",TRANSACTIONS!J15) | C20: =SUMIFS(TRANSACTIONS!G:G,TRANSACTIONS!F:F,Table6[[#This Row],[INCOME]],TRANSACTIONS!B:B,">="&DASHBOARD!$B$6,TRANSACTIONS!B:B,"<="&DASHBOARD!$B$8) -> 0 | E20: =IF(TRANSACTIONS!L15="","",TRANSACTIONS!L15) -> Travel & Meals | F20: =SUMIFS(TRANSACTIONS!G:G,TRANSACTIONS!F:F,Table7[[#This Row],[EXPENSES]],TRANSACTIONS!B:B,">="&DASHBOARD!$B$6,TRANSACTIONS!B:B,"<="&DASHBOARD!$B$8) -> 97000
B21: =IF(TRANSACTIONS!J16="","",TRANSACTIONS!J16) | C21: =SUMIFS(TRANSACTIONS!G:G,TRANSACTIONS!F:F,Table6[[#This Row],[INCOME]],TRANSACTIONS!B:B,">="&DASHBOARD!$B$6,TRANSACTIONS!B:B,"<="&DASHBOARD!$B$8) -> 0 | E21: =IF(TRANSACTIONS!L16="","",TRANSACTIONS!L16) -> Taxes & Fees | F21: =SUMIFS(TRANSACTIONS!G:G,TRANSACTIONS!F:F,Table7[[#This Row],[EXPENSES]],TRANSACTIONS!B:B,">="&DASHBOARD!$B$6,TRANSACTIONS!B:B,"<="&DASHBOARD!$B$8) -> 400000
B22: =IF(TRANSACTIONS!J17="","",TRANSACTIONS!J17) | C22: =SUMIFS(TRANSACTIONS!G:G,TRANSACTIONS!F:F,Table6[[#This Row],[INCOME]],TRANSACTIONS!B:B,">="&DASHBOARD!$B$6,TRANSACTIONS!B:B,"<="&DASHBOARD!$B$8) -> 0 | E22: =IF(TRANSACTIONS!L17="","",TRANSACTIONS!L17) | F22: =SUMIFS(TRANSACTIONS!G:G,TRANSACTIONS!F:F,Table7[[#This Row],[EXPENSES]],TRANSACTIONS!B:B,">="&DASHBOARD!$B$6,TRANSACTIONS!B:B,"<="&DASHBOARD!$B$8) -> 0
B23: =IF(TRANSACTIONS!J18="","",TRANSACTIONS!J18) | C23: =SUMIFS(TRANSACTIONS!G:G,TRANSACTIONS!F:F,Table6[[#This Row],[INCOME]],TRANSACTIONS!B:B,">="&DASHBOARD!$B$6,TRANSACTIONS!B:B,"<="&DASHBOARD!$B$8) -> 0 | E23: =IF(TRANSACTIONS!L18="","",TRANSACTIONS!L18) | F23: =SUMIFS(TRANSACTIONS!G:G,TRANSACTIONS!F:F,Table7[[#This Row],[EXPENSES]],TRANSACTIONS!B:B,">="&DASHBOARD!$B$6,TRANSACTIONS!B:B,"<="&DASHBOARD!$B$8) -> 0
B24: =IF(TRANSACTIONS!J19="","",TRANSACTIONS!J19) | C24: =SUMIFS(TRANSACTIONS!G:G,TRANSACTIONS!F:F,Table6[[#This Row],[INCOME]],TRANSACTIONS!B:B,">="&DASHBOARD!$B$6,TRANSACTIONS!B:B,"<="&DASHBOARD!$B$8) -> 0 | E24: =IF(TRANSACTIONS!L19="","",TRANSACTIONS!L19) | F24: =SUMIFS(TRANSACTIONS!G:G,TRANSACTIONS!F:F,Table7[[#This Row],[EXPENSES]],TRANSACTIONS!B:B,">="&DASHBOARD!$B$6,TRANSACTIONS!B:B,"<="&DASHBOARD!$B$8) -> 0
B25: =IF(TRANSACTIONS!J20="","",TRANSACTIONS!J20) | C25: =SUMIFS(TRANSACTIONS!G:G,TRANSACTIONS!F:F,Table6[[#This Row],[INCOME]],TRANSACTIONS!B:B,">="&DASHBOARD!$B$6,TRANSACTIONS!B:B,"<="&DASHBOARD!$B$8) -> 0 | E25: =IF(TRANSACTIONS!L20="","",TRANSACTIONS!L20) | F25: =SUMIFS(TRANSACTIONS!G:G,TRANSACTIONS!F:F,Table7[[#This Row],[EXPENSES]],TRANSACTIONS!B:B,">="&DASHBOARD!$B$6,TRANSACTIONS!B:B,"<="&DASHBOARD!$B$8) -> 0
... B45: =IF(TRANSACTIONS!J40="","",TRANSACTIONS!J40) | C45: =SUMIFS(TRANSACTIONS!G:G,TRANSACTIONS!F:F,Table6[[#This Row],[INCOME]],TRANSACTIONS!B:B,">="&DASHBOARD!$B$6,TRANSACTIONS!B:B,"<="&DASHBOARD!$B$8) -> 0 | E45: =IF(TRANSACTIONS!L40="","",TRANSACTIONS!L40) | F45: =SUMIFS(TRANSACTIONS!G:G,TRANSACTIONS!F:F,Table7[[#This Row],[EXPENSES]],TRANSACTIONS!B:B,">="&DASHBOARD!$B$6,TRANSACTIONS!B:B,"<="&DASHBOARD!$B$8) -> 0

Sheet YEARLY FINANCIAL OVERVIEW
A1: Yearly Financial Overview
B4: SELECT YEAR | C4: 2025
B6: MONTH | C6: Total Income | D6: Total Expense | E6: Net Balance | G6: Most Profitable Month
B7: Jan | C7: =IFERROR(SUMIFS(MYTRANSACTIONS[AMOUNT], MYTRANSACTIONS[MONTH], B7, MYTRANSACTIONS[YEAR], $C$4, MYTRANSACTIONS[ITEM], "Income"), 0) -> 300000 | D7: =IFERROR(SUMIFS(MYTRANSACTIONS[AMOUNT], MYTRANSACTIONS[MONTH], B7, MYTRANSACTIONS[YEAR], $C$4, MYTRANSACTIONS[ITEM], "Expense"), 0) -> 0 | E7: =C7-D7 -> 300000
B8: Feb | C8: =IFERROR(SUMIFS(MYTRANSACTIONS[AMOUNT], MYTRANSACTIONS[MONTH], B8, MYTRANSACTIONS[YEAR], $C$4, MYTRANSACTIONS[ITEM], "Income"), 0) -> 100000 | D8: =IFERROR(SUMIFS(MYTRANSACTIONS[AMOUNT], MYTRANSACTIONS[MONTH], B8, MYTRANSACTIONS[YEAR], $C$4, MYTRANSACTIONS[ITEM], "Expense"), 0) -> 169000 | E8: =C8-D8 -> -69000 | G8: =IF(MAX(E7:E18)=0, "Ooops, Not Any", INDEX(Table1[MONTH], MATCH(MAX(E7:E18), Table1[Net Balance], 0))) -> Dec
B9: Mar | C9: =IFERROR(SUMIFS(MYTRANSACTIONS[AMOUNT], MYTRANSACTIONS[MONTH], B9, MYTRANSACTIONS[YEAR], $C$4, MYTRANSACTIONS[ITEM], "Income"), 0) -> 0 | D9: =IFERROR(SUMIFS(MYTRANSACTIONS[AMOUNT], MYTRANSACTIONS[MONTH], B9, MYTRANSACTIONS[YEAR], $C$4, MYTRANSACTIONS[ITEM], "Expense"), 0) -> 92000 | E9: =C9-D9 -> -92000
B10: Apr | C10: =IFERROR(SUMIFS(MYTRANSACTIONS[AMOUNT], MYTRANSACTIONS[MONTH], B10, MYTRANSACTIONS[YEAR], $C$4, MYTRANSACTIONS[ITEM], "Income"), 0) -> 95000 | D10: =IFERROR(SUMIFS(MYTRANSACTIONS[AMOUNT], MYTRANSACTIONS[MONTH], B10, MYTRANSACTIONS[YEAR], $C$4, MYTRANSACTIONS[ITEM], "Expense"), 0) -> 0 | E10: =C10-D10 -> 95000
B11: May | C11: =IFERROR(SUMIFS(MYTRANSACTIONS[AMOUNT], MYTRANSACTIONS[MONTH], B11, MYTRANSACTIONS[YEAR], $C$4, MYTRANSACTIONS[ITEM], "Income"), 0) -> 0 | D11: =IFERROR(SUMIFS(MYTRANSACTIONS[AMOUNT], MYTRANSACTIONS[MONTH], B11, MYTRANSACTIONS[YEAR], $C$4, MYTRANSACTIONS[ITEM], "Expense"), 0) -> 0 | E11: =C11-D11 -> 0 | G11: =MAX(Table1[Net Balance]) -> 500000
B12: Jun | C12: =IFERROR(SUMIFS(MYTRANSACTIONS[AMOUNT], MYTRANSACTIONS[MONTH], B12, MYTRANSACTIONS[YEAR], $C$4, MYTRANSACTIONS[ITEM], "Income"), 0) -> 96000 | D12: =IFERROR(SUMIFS(MYTRANSACTIONS[AMOUNT], MYTRANSACTIONS[MONTH], B12, MYTRANSACTIONS[YEAR], $C$4, MYTRANSACTIONS[ITEM], "Expense"), 0) -> 0 | E12: =C12-D12 -> 96000
B13: Jul | C13: =IFERROR(SUMIFS(MYTRANSACTIONS[AMOUNT], MYTRANSACTIONS[MONTH], B13, MYTRANSACTIONS[YEAR], $C$4, MYTRANSACTIONS[ITEM], "Income"), 0) -> 0 | D13: =IFERROR(SUMIFS(MYTRANSACTIONS[AMOUNT], MYTRANSACTIONS[MONTH], B13, MYTRANSACTIONS[YEAR], $C$4, MYTRANSACTIONS[ITEM], "Expense"), 0) -> 0 | E13: =C13-D13 -> 0 | G13: Most Expensive Month
B14: Aug | C14: =IFERROR(SUMIFS(MYTRANSACTIONS[AMOUNT], MYTRANSACTIONS[MONTH], B14, MYTRANSACTIONS[YEAR], $C$4, MYTRANSACTIONS[ITEM], "Income"), 0) -> 0 | D14: =IFERROR(SUMIFS(MYTRANSACTIONS[AMOUNT], MYTRANSACTIONS[MONTH], B14, MYTRANSACTIONS[YEAR], $C$4, MYTRANSACTIONS[ITEM], "Expense"), 0) -> 0 | E14: =C14-D14 -> 0
B15: Sep | C15: =IFERROR(SUMIFS(MYTRANSACTIONS[AMOUNT], MYTRANSACTIONS[MONTH], B15, MYTRANSACTIONS[YEAR], $C$4, MYTRANSACTIONS[ITEM], "Income"), 0) -> 0 | D15: =IFERROR(SUMIFS(MYTRANSACTIONS[AMOUNT], MYTRANSACTIONS[MONTH], B15, MYTRANSACTIONS[YEAR], $C$4, MYTRANSACTIONS[ITEM], "Expense"), 0) -> 97000 | E15: =C15-D15 -> -97000 | G15: =IF(MIN(E7:E18)=0, "Waow, Not Any", INDEX(Table1[MONTH], MATCH(MIN(E7:E18), Table1[Net Balance], 0))) -> Sep
B16: Oct | C16: =IFERROR(SUMIFS(MYTRANSACTIONS[AMOUNT], MYTRANSACTIONS[MONTH], B16, MYTRANSACTIONS[YEAR], $C$4, MYTRANSACTIONS[ITEM], "Income"), 0) -> 0 | D16: =IFERROR(SUMIFS(MYTRANSACTIONS[AMOUNT], MYTRANSACTIONS[MONTH], B16, MYTRANSACTIONS[YEAR], $C$4, MYTRANSACTIONS[ITEM], "Expense"), 0) -> 0 | E16: =C16-D16 -> 0
B17: Nov | C17: =IFERROR(SUMIFS(MYTRANSACTIONS[AMOUNT], MYTRANSACTIONS[MONTH], B17, MYTRANSACTIONS[YEAR], $C$4, MYTRANSACTIONS[ITEM], "Income"), 0) -> 0 | D17: =IFERROR(SUMIFS(MYTRANSACTIONS[AMOUNT], MYTRANSACTIONS[MONTH], B17, MYTRANSACTIONS[YEAR], $C$4, MYTRANSACTIONS[ITEM], "Expense"), 0) -> 0 | E17: =C17-D17 -> 0
B18: Dec | C18: =IFERROR(SUMIFS(MYTRANSACTIONS[AMOUNT], MYTRANSACTIONS[MONTH], B18, MYTRANSACTIONS[YEAR], $C$4, MYTRANSACTIONS[ITEM], "Income"), 0) -> 500000 | D18: =IFERROR(SUMIFS(MYTRANSACTIONS[AMOUNT], MYTRANSACTIONS[MONTH], B18, MYTRANSACTIONS[YEAR], $C$4, MYTRANSACTIONS[ITEM], "Expense"), 0) -> 0 | E18: =C18-D18 -> 500000 | G18: =MIN(Table1[Net Balance]) -> -97000
B19: Total | C19: =SUM(C7:C18) -> 1091000 | D19: =SUM(D7:D18) -> 358000 | E19: =SUM(E7:E18) -> 733000
B22: Monthly Income vs Expense Overview
